AoeStats
← Caribe

Golden Pit

510002059Analyzed
1v1 RM · 3d ago on Sep 29, 2026· 34m 24s· 2 players
Game mode
Random Map
Map size
Tiny (2 player)
Population
200
Speed
Normal
Resources
Standard
Victory
Conquest
Starting age
Dark Age
Ending age
Imperial Age
RankedLock teamsTeams togetherTeam positionsShared explorationLock speedFull tech treeHidden civsTurbo modeCheats
Victory
Defeat
🇦🇷 Maya · Argentina
1306
+15
🇻🇪 Vietnamese · Venezuela
1285
-15
Caribe
6:29 Loom
9:44 Feudal Age
25:34 Double-Bit Axe
29:18 Fletching
32:20 Castle Age
30:29 Padded Archer Armor
33:00 Bodkin Arrow
greco2294
0:30 Loom
9:42 Feudal Age
10:18 Double-Bit Axe
12:56 Fletching
24:03 Castle Age
22:19 Padded Archer Armor
25:13 Wheelbarrow
24:24 Town Watch
24:55 Bodkin Arrow
25:15 Leather Archer Armor
24:35 Crossbowman
26:07 Leather Archer Armor
28:20 Thumb Ring
28:39 Town Patrol
30:09 Horse Collar
30:47 Bow Saw
30:29 Gold Mining
33:01 Hand Cart
33:44 Heavy Plow
Connection lost

Rejoining the realm…

Still unreachable

The connection could not be restored.

Session expired

The server has moved on; the page needs a fresh start.